 Dungeon Crawl Stone Soup version 0.19-a0-1676-g39ae8cc (webtiles) character file.

751 Amnesiac the Cudgeler (level 7, -3/71 HPs)
             Began as an Ogre Wizard on Sept 23, 2016.
             Killed from afar by Amnesiac's ghost (4 damage)
             ... with a magic dart
             ... on level 4 of the Dungeon.
             The game lasted 00:10:09 (3509 turns).

Amnesiac the Cudgeler (Ogre Wizard)                 Turns: 3509, Time: 00:10:09

Health: -3/71      AC:  3    Str: 10 (13) XL:     7   Next: 78%
Magic:  0/13       EV: 10    Int: 14 (17) God:
Gold:   47         SH:  0    Dex:  7 (10) Spells: 5 memorised, 3 levels left

rFire  . . .     SeeInvis .     f - +2 whip (flame)
rCold  . . .     Gourm    .     a - +0 robe
rNeg   . . .     Faith    .     (no shield)
rPois  .         Spirit   .     b - +0 hat
rElec  .         Dismiss  .     (no cloak)
rCorr  .         Reflect  .     (gloves unavailable)
MR     .....     Harm     .     (boots unavailable)
Stlth  +.........               (no amulet)
                                (no ring)
                                (no ring)

@: repel missiles
A: unfitting armour, tough skin 1
a: no special abilities


You were on level 4 of the Dungeon.
You were very hungry.

You visited 1 branch of the dungeon, and saw 4 of its levels.

You collected 47 gold pieces.

Inventory:

Hand Weapons
 f - a +2 whip of flaming (weapon)
 h - a +0 hand axe of flaming
Armour
 a - a +0 robe (worn)
 b - a +0 hat (worn)
Magical Staves
 m - an uncursed staff of energy
Wands
 k - a wand of slowing (7/48)
Scrolls
 e - 3 scrolls of remove curse {unknown}
 i - 2 scrolls of recharging {unknown}
 j - a scroll of teleportation {unknown}
 l - a scroll of identify {unknown}
Books
 c - a book of Minor Magic

   Spells                             Type                      Level
   a - Magic Dart                     Conjuration                  1
   b - Blink                          Translocation                2
   c - Call Imp                       Summoning                    2
   d - Repel Missiles                 Charms/Air                   2
   e - Slow                           Hexes                        2
   f - Conjure Flame                  Conjuration/Fire             3
   g - Mephitic Cloud                 Conjuration/Poison/Air       3
Comestibles
 d - 4 bread rations
 g - 2 meat rations


   Skills:
 + Level 4.3 Fighting
 * Level 6.2 Maces & Flails
 + Level 3.6 Dodging
 - Level 1.5 Stealth
 - Level 4.0 Spellcasting
 - Level 3.0 Conjurations
 - Level 0.6 Summonings
   Level 0.6 Translocations


You had 3 spell levels left.
You knew the following spells:

 Your Spells              Type           Power        Failure   Level  Hunger
a - Repel Missiles        Chrm/Air       #.....       30%         2    ##.....
d - Call Imp              Summ           #.......     24%         2    ##.....
e - Mephitic Cloud        Conj/Pois/Air  #.......     38%         3    ###....
f - Magic Dart            Conj           ##..         6%          1    None
s - Conjure Flame         Conj/Fire      #.......     30%         3    ###....


Dungeon Overview and Level Annotations

Branches:
Dungeon (4/15)
 Temple: D:4-7

Altars:
Ru
Yredelemnul
Zin

Annotations:
D:4 1 runed door, Amnesiac's ghost, amateur OgWz


Innate Abilities, Weirdness & Mutations

You are too large for most types of armour.
You have tough skin. (AC +1)


Message History

Attack!
Amnesiac's ghost hits your white imp!
Your white imp hits Amnesiac's ghost.
Your white imp freezes Amnesiac's ghost.
Amnesiac's ghost hits your white imp!
Your white imp dies!
Casting: Call Imp
Confirm with . or Enter, or press ? or * to list all spells.
A beastly little devil appears in a puff of frigid air.
Amnesiac's ghost turns its malevolent gaze towards you.
Amnesiac's ghost casts a spell at you. The magic dart hits your white imp.
An orc wizard comes into view. It is wielding a dagger.
Amnesiac's ghost hits your white imp.
Your white imp dies!
The orc wizard gestures at you while chanting.
The puff of frost hits you!
* * * LOW HITPOINT WARNING * * *
Amnesiac's ghost points at you and mumbles some strange words.
The magic dart hits you!
You die...

#...#######........##
####.####
...#..≈≈≈..#.##.....# #.#
..#..≈...≈..#.##...########.#
.#...≈._.≈...#..............#
#.#..≈...≈(.#...<..##########
##.#..≈≈≈..#.####..#
#..#######.#####..#
#............<....#
##....####...o.@..# ######
#######.## ##########.#
#.......##.# #.#####.##.#
########### #.#
#W##W###.........#
#.#####.#...##.#######.#
#.#................###.##
#.....#.#.>.##.###......#


You could see an orc wizard and Amnesiac's ghost.

Vanquished Creatures
  Pikel (D:4)
  A slave (D:4)
  The ghost of Amnesiac the Ogre Mage, a weakling OgWz (D:3)
  A worker ant (D:3)
  2 adders (D:4)
  An ooze (D:4)
  A worm (D:4)
  2 dart slugs
  2 leopard geckos
  A bat (D:2)
  2 giant cockroaches
  6 goblins
  2 hobgoblins
  5 jackals
  2 frilled lizards
  2 kobolds (D:2)
  A quokka skeleton (D:4)
  2 rats
  A spectral orc (D:4)
36 creatures vanquished.

Vanquished Creatures (collateral kills)
  Grinder (D:4)
  An iguana (D:3)
  A worker ant (D:4)
  2 adders
  A worm (D:2)
  A giant cockroach (D:3)
7 creatures vanquished.

Grand Total: 43 creatures vanquished

Notes
Turn   | Place    | Note
-------+----------+-------------------------------------------
     0 | D:1      | Amnesiac the Ogre Wizard began the quest for the Orb.
     0 | D:1      | Reached XP level 1. HP: 16/16 MP: 5/5
   289 | D:1      | Reached XP level 2. HP: 24/24 MP: 0/7
   357 | D:1      | Learned a level 2 spell: Call Imp
   386 | D:1      | Reached skill level 1 in Conjurations
   390 | D:1      | Learned a level 2 spell: Repel Missiles
   706 | D:2      | Reached XP level 3. HP: 28/31 MP: 1/8
   770 | D:2      | Learned a level 3 spell: Mephitic Cloud
  1152 | D:3      | Reached XP level 4. HP: 16/39 MP: 0/10
  1233 | D:3      | Learned a level 3 spell: Conjure Flame
  1329 | D:3      | Noticed Amnesiac's ghost (weakling OgWz)
  1345 | D:3      | Killed Amnesiac's ghost
  1841 | D:4      | Found a sacrificial altar of Ru.
  1874 | D:4      | Found a glowing silver altar of Zin.
  2041 | D:4      | Reached XP level 5. HP: 30/46 MP: 9/11
  2110 | D:4      | Reached skill level 1 in Maces & Flails
  2368 | D:4      | Reached skill level 1 in Fighting
  2560 | D:4      | Found a runed door.
  2690 | D:4      | Noticed a slave
  2792 | D:4      | Killed a slave
  2998 | D:4      | Noticed Pikel
  3001 | D:4      | Noticed a slave
  3001 | D:4      | Noticed a slave
  3001 | D:4      | Noticed a slave
  3017 | D:4      | Killed Pikel
  3017 | D:4      | Reached skill level 5 in Maces & Flails
  3017 | D:4      | Reached XP level 6. HP: 62/62 MP: 5/12
  3017 | D:4      | Reached XP level 7. HP: 68/68 MP: 5/13
  3229 | D:4      | Noticed Grinder
  3249 | D:4      | Killed Grinder
  3249 | D:4      | Reached skill level 6 in Maces & Flails
  3407 | D:4      | Found a basalt altar of Yredelemnul.
  3473 | D:4      | Noticed Amnesiac's ghost (amateur OgWz)
  3509 | D:4      | HP: 1/71 [orc wizard/puff of frost (5)]
  3509 | D:4      | Killed from afar by Amnesiac's ghost

Vault maps used:
D:1:      nagdon_arrival_zigzag_paths
D:2:      kennysheep_okawaru_gauntlet
D:3:      first_bread, patterned_corridor
D:4:      lemuel_coloured_pillars_altar, nicolae_ru_awakened_eye,
          yredelemnul_forgotten_temple_becter,
          eino_small_chamber_without_monster, minivault_24, uniq_grinder,
          uniq_crazy_yiuf_cottage, uniq_pikel

Skill      XL: |  1  2  3  4  5  6  7 |
---------------+----------------------+-----
Spellcasting   | 4 |  4.0
Conjurations   | 1 2 3 |  3.0
Dodging        | 2 3 |  3.6
Maces & Flails | 5 6 |  6.2
Fighting       | 3 4 |  4.3
Stealth        | |  1.5
Summonings     | |  0.6
Translocations | |  0.6

Action                   |  1- 3 |  4- 6 |  7- 9 || total
-------------------------+-------+-------+-------++-------
Melee: Unarmed           |     1 |       |       ||     1
       Hand axe          |     8 |    58 |       ||    66
       Whip              |       |       |    28 ||    28
 Cast: Magic Dart        |    60 |     7 |    11 ||    78
       Call Imp          |     4 |     6 |     7 ||    17
       Repel Missiles    |     1 |       |       ||     1
       Mephitic Cloud    |     2 |     6 |       ||     8
       Conjure Flame     |       |     3 |     1 ||     4
  Use: Potion            |       |       |     1 ||     1
 Stab: Confused          |     3 |     1 |       ||     4
  Eat: Chunk             |     1 |     5 |     1 ||     7
       Royal jelly       |       |     1 |       ||     1
Armor: Robe              |     5 |    15 |     5 ||    25
Dodge: Dodged            |    14 |    47 |    11 ||    72
